 Dungeon Crawl Stone Soup version 0.30.0-20-g3b4254fcbd (webtiles) character file.

Game seed: 3487923448951871157

296 IndexError the Firebug (level 6, -3/45 HPs)
             Began as a Draconian Fire Elementalist on June 2, 2023.
             Slain by an orc
             ... wielding a +2 short sword of freezing
              (5 damage)
             ... on level 4 of the Dungeon.
             The game lasted 00:05:04 (3605 turns).

IndexError the Firebug (DrFE)                       Turns: 3605, Time: 00:05:04

Health: -3/45      AC:  7    Str: 10    XL:     6   Next: 12%
Magic:  0/10       EV: 12    Int: 18    God:
Gold:   146        SH:  0    Dex: 11    Spells: 7/10 levels left

rFire   . . .        d - +0 dagger
rCold   . . .        (no shield)
rNeg    . . .        (body armour unavailable)
rPois   .            (helmet restricted)
rElec   .            k - +0 cloak
rCorr   .            (no gloves)
SInv    +            (no boots)
Will    .....        (no amulet)
Stlth   ++           n - ring of see invisible {sInv, !d}
HPRegen 0.27/turn    (no ring)
MPRegen 0.12/turn

%: no passive effects
@: no status effects
A: AC +6, unfitting armour, cold-blooded
a: no special abilities


You were on level 4 of the Dungeon.
You visited 1 branch of the dungeon, and saw 4 of its levels.

You collected 146 gold pieces.

Inventory:

Hand Weapons
 d - a +0 dagger (weapon)
   (You took it off a goblin on level 1 of the Dungeon)
Armour
 f - a scarf of repulsion
   (You found it on level 1 of the Dungeon)
 k - a +0 cloak (worn)
   (You found it on level 1 of the Dungeon)
 y - a +0 pair of boots
   (You found it on level 4 of the Dungeon)
Jewellery
 n - a ring of see invisible (left hand) {sInv, !d}
   (You found it on level 2 of the Dungeon)
Wands
 D - a wand of roots (12)
   (You found it on level 4 of the Dungeon)
Scrolls
 g - 3 scrolls of vulnerability {unknown}
 i - a scroll of immolation {unknown}
 j - 4 scrolls of identify {unknown}
 m - a scroll of fear {unknown}
 o - 2 scrolls of magic mapping {unknown}
 q - a scroll of poison {unknown}
 s - a scroll of torment {unknown}
 t - a scroll of noise {unknown}
 v - a scroll of amnesia {unknown}
 w - a scroll of enchant weapon {unknown}
 B - a scroll of teleportation {unknown}
 C - a scroll of fog {unknown}
Potions
 a - 2 potions of magic
 b - 2 potions of cancellation {unknown}
 c - 2 potions of haste {unknown}
 e - a potion of ambrosia {unknown}
 h - 2 potions of attraction {unknown}
 l - a potion of resistance {unknown}
 p - a potion of flight {unknown}
 r - 4 potions of curing {unknown}
 u - a potion of lignification {unknown}
 x - a potion of brilliance {unknown}
 z - a potion of might {unknown}
 A - a potion of degeneration {unknown}


   Skills:
 - Level 3.4 Dodging
 - Level 1.7 Stealth
 + Level 2.6 Spellcasting
 + Level 3.8 Conjurations
 * Level 4.1 Fire Magic


You had 7 spell levels left.
You knew the following spells:

 Your Spells              Type           Power      Damage    Failure   Level
a - Foxfire               Conj/Fire      64%        2x1d7     3%          1
b - Scorch                Fire           34%        2d6       4%          2

Your spell library contained the following spells:

 Spells                   Type           Power      Damage    Failure   Level
 Inner Flame              Hex/Fire       9%         N/A       22%         3
 Volatile Blastmotes      Fire/Tloc      18%        2d11      22%         3
 Flame Wave               Conj/Fire      16%        2d7       32%         4


Dungeon Overview and Level Annotations

Branches:
Dungeon (4/15)
 Temple: D:4-7

Altars:
Makhleb
Uskayaw


Innate Abilities, Weirdness & Mutations

Your plain brown scales are hard. (AC +6)
You cannot fit into any form of body armour.
You are cold-blooded and may be slowed by cold attacks.


Message History

Found a burning altar of Makhleb.
Found an escape hatch in the floor.
C - a scroll labelled PIURADGH QUTUTS
D - a wand of roots (12) As you open the door, it creaks loudly!
A hobgoblin and 2 orcs come into view.
An orc is wielding a +2 short sword of freezing.
The orc shouts!
The hobgoblin shouts!
You hear a shout!
You hear a bark!
You hear a shout!
You conjure some foxfire!
A hound comes into view.
The orc closely misses you.
An orc comes into view. It is wielding a +0 club.
You now have 7/8 mp.
You conjure some foxfire!
The foxfire hits the orc!
The foxfire hits the hobgoblin.
You now have 6/8 mp.
You conjure some foxfire!
An orc comes into view. It is wielding a +0 club.
You now have 5/8 mp.
The foxfire hits the orc!
The foxfire hits the hound but does no damage.
The foxfire hits the hound.
You conjure some foxfire!
The orc hits you with a +2 short sword of freezing.
The orc freezes you. The hound completely misses you.
You take 2 damage, and have 36/38 hp.
You now have 4/8 mp.
The foxfire hits the hound.
The foxfire hits the orc.
The hound bites you but does no damage.
You hit the hound. The hound bites you. The orc closely misses you.
The hound barely misses you.
You take 1 damage, and have 35/38 hp.
You hit the hound.
Your tail-slap misses the hound.
The hound barely misses you. The orc hits you but does no damage.
The orc hits you with a +2 short sword of freezing.
You feel yourself slow down. The orc freezes you.
You take 8 damage, and have 27/38 hp.
MASSIVE DAMAGE!!
The hound bites you. The hound misses you. The orc hits you but does no damage.
The hound closely misses you. The orc hits you with a +0 club.
The orc misses you.
You take 4 damage, and have 23/38 hp.
The orc attacks as you move away! The orc hits you with a +0 club.
You feel yourself speed up.
The hound pauses to sniff the ground.
The hound bites you but does no damage.
Casting: Foxfire (safe; 3% risk of failure)
Confirm with . or Enter, or press ? or * to list all spells.
You conjure some foxfire!
The hound bites you.
You take 5 damage, and have 18/38 hp.
You now have 4/8 mp.
The foxfire hits the hound. x2; The hound bites you. x2
* * * LOW HITPOINT WARNING * * *
You take 7 damage, and have 11/38 hp.
Casting: Foxfire (safe; 3% risk of failure)
Confirm with . or Enter, or press ? or * to list all spells.
Flames lash the hound.
The hound's fire resistance burns away.
The hound stops to sniff the ground.
The hound bites you.
* * * LOW HITPOINT WARNING * * *
You take 2 damage, and have 9/38 hp.
You now have 2/8 mp.
Casting: Scorch (safe; 4% risk of failure)
Confirm with . or Enter, or press ? or * to list all spells.
Flames lash the orc.
The orc's fire resistance burns away.
The hound bites you.
* * * LOW HITPOINT WARNING * * *
The hound completely misses you.
You take 1 damage, and have 8/38 hp.
You now have 0/8 mp.
Casting: Scorch (safe; 4% risk of failure)
Confirm with . or Enter, or press ? or * to list all spells.
You don't know that spell.
You hit the hound but do no damage.
You tail-slap the hound, but do no damage.
The hound misses you.
You hit the hound. The hound barely misses you. The hound bites you.
* * * LOW HITPOINT WARNING * * *
You take 4 damage, and have 4/38 hp.
You hit the hound.
The hound is no longer more vulnerable to fire.
The hound bites you.
* * * LOW HITPOINT WARNING * * *
You take 1 damage, and have 3/38 hp.
You closely miss the hound.
Your tail-slap misses the hound.
The orc is no longer more vulnerable to fire.
The hound closely misses you. The hound barely misses you.
Casting: Scorch (safe; 4% risk of failure)
Confirm with . or Enter, or press ? or * to list all spells.
You conjure some foxfire!
The hound barely misses you.
You now have 0/8 mp.
The foxfire hits the hound.
The foxfire hits the orc!
You have reached level 6!
Your scales feel tougher.
You hit the orc.
The orc hits you with a +2 short sword of freezing.
* * * LOW HITPOINT WARNING * * *
You feel yourself slow down. The orc freezes you.
* * * LOW HITPOINT WARNING * * *
You take 3 damage, and have 1/45 hp.
You hit the orc but do no damage. The orc hits you but does no damage. x2
You closely miss the orc.
You feel yourself speed up. The orc closely misses you.
You hit the orc but do no damage.
The orc hits you with a +2 short sword of freezing.
You die...

..+.........(.........
..#..........##...##.# ..
##......#.....(# .#
#......####.### ## †##
#.............# ... ..#
#.......###.#.# ....
######...........#.# .....
##........######.#.#......
†.........#≈≈≈≈#@o))......
.#....###.#≈>.≈#.#.#......
####### #.#≈⌠_≈#.#.# .....
#.#≈≈≈≈#.#.# ....
#########.##''##.#.# ###
(................#.#
##†........###.###.#
#.........# #..##..
#.........# ##.####


You could see an orc.

Vanquished Creatures
  A hound (D:4)
  3 orc priests
  Crazy Yiuf (D:3)
  Terence (D:3)
  6 adders
  A worm (D:2)
  A dart slug (D:2)
  8 orcs
  3 ball pythons
  2 bats
  4 endoplasms
  3 giant cockroaches
  2 goblins
  9 hobgoblins
  8 kobolds
  2 quokkas
  A frilled lizard (D:3)
  5 rats
61 creatures vanquished.

Vanquished Creatures (others)
  229 foxfires
229 creatures vanquished.

Grand Total: 290 creatures vanquished

Notes
Turn   | Place    | Note
-------+----------+-------------------------------------------
     0 | D:1      | IndexError the Draconian Fire Elementalist began the quest
                  | for the Orb.
     0 | D:1      | Reached XP level 1. HP: 14/14 MP: 3/3
   139 | D:1      | Reached skill level 2 in Dodging
   301 | D:1      | Reached XP level 2. HP: 15/20 MP: 3/5
   982 | D:2      | Reached skill level 2 in Conjurations
  1045 | D:2      | Reached XP level 3. HP: 26/26 MP: 1/6
  1560 | D:3      | Found a hide-covered altar of Uskayaw.
  1666 | D:3      | Noticed Terence
  1672 | D:3      | Killed Terence
  1673 | D:3      | Reached skill level 3 in Dodging
  1673 | D:3      | Reached XP level 4. HP: 29/33 MP: 1/7
  1995 | D:3      | Reached skill level 3 in Conjurations
  2248 | D:3      | Found a runed translucent door.
  2249 | D:3      | Noticed Crazy Yiuf
  2548 | D:3      | Found a faded altar of an unknown god.
  2946 | D:3      | Learned a level 2 spell: Scorch
  2958 | D:3      | Killed Crazy Yiuf
  2959 | D:3      | Reached XP level 5. HP: 21/38 MP: 0/8
  3456 | D:4      | Reached skill level 4 in Fire Magic
  3557 | D:4      | Found a burning altar of Makhleb.
  3594 | D:4      | HP: 9/38 [hound (2)]
  3597 | D:4      | HP: 4/38 [hound (4)]
  3602 | D:4      | Reached XP level 6. HP: 4/45 MP: 0/10
  3602 | D:4      | HP: 2/45 [orc/+2 short sword of freezing (2)]
  3605 | D:4      | Slain by an orc

Illustrated notes

Levels and vault maps discovered:
D:1:      amcnicky_arrival_blooded_trapdoor, layout_rooms, roderic_roman_lattice
D:2:      layout_rooms
D:3:      cheibrodos_old_hovel, layout_basic, eat_drink_and_be_merry_uskayaw,
          hellmonk_ecumenical_altar_leap_of_faith, st_stairs_3, uniq_terence,
          uniq_crazy_yiuf_cottage
D:4:      layout_basic, general_overflow_altar, serial_shops, shop, st_stairs_7

Skill      XL: |  1  2  3  4  5 |
---------------+----------------+-----
Dodging        | 2 3 |  3.4
Conjurations   | 2 3 |  3.8
Fire Magic     | 4 |  4.1
Stealth        | |  1.7
Spellcasting   | |  2.6

Action                     |  1- 3 |  4- 6 || total
---------------------------+-------+-------++-------
  Melee: Dagger            |    12 |    18 ||    30
         Tailslap          |       |     1 ||     1
   Cast: Foxfire           |    58 |    77 ||   135
         Scorch            |       |     5 ||     5
 Armour: Skin              |     6 |     9 ||    15
  Dodge: Dodged            |     8 |    25 ||    33

Levels and vault maps discovered:
D:1:      amcnicky_arrival_blooded_trapdoor, layout_rooms, roderic_roman_lattice
D:2:      layout_rooms
D:3:      cheibrodos_old_hovel, layout_basic, eat_drink_and_be_merry_uskayaw,
          hellmonk_ecumenical_altar_leap_of_faith, st_stairs_3, uniq_terence,
          uniq_crazy_yiuf_cottage
D:4:      layout_basic, general_overflow_altar, serial_shops, shop, st_stairs_7

Table legend: (Time is in decaauts)
 A = Elapsed time spent in this place.
 B = Non-inter-level travel time spent in this place.
 C = Inter-level travel time spent in this place.
 D = Time resting spent in this place.
 E = Time spent auto-exploring this place.
 F = Levels seen in this place.
 G = Mean time per level.
                   A        B        C        D        E       F      G
               +--------+--------+--------+--------+--------+-----+--------+
         Total |   3610 |   3311 |    299 |      0 |   2898 |   4 |  902.5 |
       Dungeon |   3610 |   3311 |    299 |      0 |   2898 |   4 |  902.5 |
               +--------+--------+--------+--------+--------+-----+--------+

Top non-repeatable levels by time:
     D:3: 1702 daAuts
     D:1: 812 daAuts
     D:2: 738 daAuts
     D:4: 358 daAuts

Table legend:
 A = Kills in this place as a percentage of kills in the entire game.
 B = Kills by you in this place as a percentage of kills by you in the entire game.
 C = Kills by friends in this place as a percentage of kills by friends in the entire game.
 D = Other kills in this place as a percentage of other kills in the entire game.
 E = Experience gained in this place as a percentage of experience gained in the entire game.
 F = Experience gained in this place divided by the number of levels of this place that you have seen.
                   A       B       C       D       E      F
               +-------+-------+-------+-------+-------+----------------------
         Total | 100.0 | 100.0 |   N/A |   N/A | 100.0 | 105.8
       Dungeon | 100.0 | 100.0 |   N/A |   N/A | 100.0 | 105.8
               +-------+-------+-------+-------+-------+----------------------
